 Dungeon Crawl Stone Soup version 0.16-a0-787-g31dbbe7 (webtiles) character file.

182 Afay the Ruinous (level 5, -1/35 HPs)
             Began as a Mummy Wizard on Sept 27, 2014.
             Slain by a gnoll
             ... wielding a +0 whip
              (9 damage)
             ... on Level 4 of the Dungeon.
             The game lasted 00:10:44 (3931 turns).

Afay the Ruinous (Mummy Wizard)                     Turns: 3931, Time: 00:10:44

HP  -1/35        AC  3     Str 10      XL: 5   Next: 34%
MP   0/11        EV 12     Int 18      God:
Gold 111         SH  0     Dex 10      Spells:  4 memorised,  3 levels left

rFire  x . .     SeeInvis .     h - +0 short sword
rCold  + . .     Clarity  .     a - +0 robe
rNeg   + + +     rCorr    .     (no shield)
rPois  +         rRot     +     b - +0 hat
rElec  .         Spirit   .     (no cloak)
SustAb .         Warding  .     g - +0 pair of gloves (curse)
rMut   .         Stasis   .     (no boots)
Gourm  .                        (no amulet)
MR     .....                    (no ring)
                                (no ring)

@: very slightly contaminated, repel missiles, not resistant to hostile
enchantments, unstealthy
A: no food or potions, fire vulnerability, restore body, cold resistance 1,
negative energy resistance 3, poison resistance, torment resistance, unbreathing
a: no special abilities


You were on level 4 of the Dungeon.
You were not hungry.

You visited 1 branch of the dungeon, and saw 4 of its levels.

You collected 111 gold pieces.

Inventory:

Hand weapons
 h - a +0 short sword (weapon)
Armour
 a - a +0 robe (worn)
 b - a +0 hat (worn)
 g - a cursed +0 pair of gloves (worn)
Magical devices
 n - a wand of digging (10)
Scrolls
 d - 2 scrolls of enchant weapon {unknown}
 e - a scroll of random uselessness {unknown}
 f - a scroll of recharging {unknown}
 i - 2 scrolls of teleportation {unknown}
 j - a scroll of fear {unknown}
 k - a scroll of remove curse {unknown}
 l - 3 scrolls of identify {unknown}
 m - a scroll of blinking {unknown}
 o - a scroll of noise {unknown}
Books
 c - a book of Minor Magic

   Spells                             Type                      Level
   *Magic Dart                        Conjuration                  1
   *Blink                             Translocation                2
   *Call Imp                          Summoning                    2
   *Repel Missiles                    Charms/Air                   2
   Slow                               Hexes                        2
   Conjure Flame                      Conjuration/Fire             3
   Mephitic Cloud                     Conjuration/Poison/Air       3


   Skills:
 - Level 1.5 Dodging
 - Level 1.5 Stealth
 * Level 3.0 Spellcasting
 - Level 3.0 Conjurations
 - Level 3.0 Summonings
 * Level 1.0 Translocations


You had 3 spell levels left.
You knew the following spells:

 Your Spells              Type           Power        Failure   Level  Hunger
a - Magic Dart            Conj           ##..         6%          1    N/A
b - Blink                 Tloc           N/A          17%         2    N/A
c - Call Imp              Summ           ##......     10%         2    N/A
d - Repel Missiles        Chrm/Air       #.....       28%         2    N/A

Dungeon Overview and Level Annotations

Branches:
Dungeon (4/15)
 Temple: D:4-7

Altars:
Elyvilon
Trog

Annotations:
D:2 Sigmund


Innate Abilities, Weirdness & Mutations

You do not eat or drink.
Your flesh is vulnerable to fire.
Your flesh is cold resistant.
You are immune to negative energy.
Your system is resistant to poisons.
You are immune to unholy pain and torment.
You can survive without breathing.


Message History

You see here a giant club.
You hit the gnoll but do no damage.
The gnoll is almost dead.
The gnoll hits you.
You hit the gnoll but do no damage.
The gnoll is almost dead.
The gnoll barely misses you.
You hit the gnoll.
You kill the gnoll!
Your Translocations skill increases to level 1!
The gnoll hits you with a whip!
* * * LOW HITPOINT WARNING * * *
Unknown command.
You see here a giant club.
You see here a jackal corpse.
Casting: Call Imp
Confirm with . or Enter, or press ? or * to list all spells.
A shadowy apparition takes form in the air.
The gnoll hits you with a whip!
You die...

#........# #.......#.#.#
......#..# #.......#.#.#
......#..# #.......#.#.#
......#..# #.......#.#
......#..# #.......#.#
......#..# #.......#.#
.....<#..# #########.#
.)...##..##############.#
........>......g@.5.....#
###.##################..#
..............%.........#
............##########.##
.................# ..#
............####. ####
..........P....#
≈≈≈≈≈≈≈≈≈≈≈≈.#.#
≈≈≈≈≈≈≈≈≈≈≈≈.# #


You could see a gnoll and a friendly shadow imp.

Vanquished Creatures
  A hound (D:4)
  A gnoll (D:4)
  4 adders
  A worm (D:3)
  A giant gecko (D:1)
  An orc (D:3)
  A bat (D:1)
  5 giant cockroaches
  3 goblins
  9 hobgoblins
  3 jackals (D:1)
  A quokka (D:4)
  5 giant newts
  3 kobolds (D:1)
  6 rats
45 creatures vanquished.

Vanquished Creatures (collateral kills)
  An ogre (D:4)
  Terence (D:3)
  A worm (D:4)
  4 jackals (D:4)
  A rat (D:4)
8 creatures vanquished.

Vanquished Creatures (others)
  6 crimson imps
  2 white imps (D:4)
  A shadow imp (D:4)
9 creatures vanquished.

Grand Total: 62 creatures vanquished

Notes
Turn   | Place    | Note
--------------------------------------------------------------
     0 | D:1      | Afay, the Mummy Wizard, began the quest for the Orb.
     0 | D:1      | Reached XP level 1. HP: 13/13 MP: 4/4
    35 | D:1      | Reached skill level 1 in Conjurations
   333 | D:1      | Reached XP level 2. HP: 14/19 MP: 0/6
   531 | D:1      | Learned a level 2 spell: Blink
   534 | D:1      | Learned a level 2 spell: Call Imp
   537 | D:1      | Learned a level 2 spell: Repel Missiles
  1418 | D:1      | Reached XP level 3. HP: 22/24 MP: 3/7
  1614 | D:2      | Found a white marble altar of Elyvilon.
  1686 | D:2      | Noticed Sigmund
  2313 | D:3      | Found a bloodstained altar of Trog.
  2556 | D:3      | Reached skill level 1 in Summonings
  2721 | D:3      | Reached XP level 4. HP: 30/30 MP: 3/9
  2778 | D:3      | Noticed Terence
  2790 | D:3      | Killed Terence
  3478 | D:4      | Noticed an ogre
  3632 | D:4      | Noticed an ogre
  3805 | D:4      | Killed an ogre
  3805 | D:4      | Reached XP level 5. HP: 26/35 MP: 3/11
  3925 | D:4      | Reached skill level 1 in Translocations
  3931 | D:4      | Slain by a gnoll

Action                   |  1- 3 |  4- 6 || total
-------------------------+-------+-------++-------
Melee: Short sword       |    21 |     6 ||    27
 Cast: Magic Dart        |   114 |    41 ||   155
       Repel Missiles    |     1 |       ||     1
       Call Imp          |     1 |    22 ||    23
